Blackhawks vs Maple Leafs
(R1)
Created - 30 octobre 2012 at 21:25
Simulating a Pre-Season
Goals
|
| Blackhawks |
1 |
0 |
0 |
1 |
| Maple Leafs |
0 |
3 |
0 |
3 |
|
Shots
|
| Blackhawks |
5 |
18 |
12 |
35 |
| Maple Leafs |
11 |
8 |
8 |
27 |
|
1st period
1. Blackhawks , Steve Sullivan 2 (Bill Guerin, Jason Smith) at 5:22
Penalties :
Brent Burns (Tor) for High sticking (Minor) at 14:01, Marek Zidlicky (Chi) for Holding (Minor) at 14:01, Derek Roy (Tor) for Diving (Minor) at 19:33
2nd period
2. Maple Leafs , Dustin Penner 2 (Brad Boyes, Brett Clark) at 7:17 (PP)
3. Maple Leafs , Brad Boyes 1 (Eric Brewer, Dion Phaneuf) at 8:42
4. Maple Leafs , Zach Parise 1 (Claude Giroux, Peter Forsberg) at 9:18
Penalties :
Kristopher Letang (Chi) for Slashing (Minor) at 3:41, Steve Sullivan (Chi) for Tripping (Minor) at 5:52, Alex Goligoski (Tor) for Hooking (Minor) at 10:41, Scott Walker (Tor) for Interference (Minor) at 16:26
3rd period
No Goal
Penalties :
Eric Brewer (Tor) for Roughing (Minor) at 3:38, Brad Boyes (Tor) for Interference (Minor) at 13:40, Brent Sopel (Chi) for Interference (Minor) at 18:23
Goalie Stats
Tyler Weiman (Chi), 24 saves from 27 shots - (0,889), L, 1-1-0, 60:00 minutes
Marc-André Fleury (Tor), 34 saves from 35 shots - (0,971), W, 1-1-0, 60:00 minutes
Players Stats for Blackhawks
Player Name G A P +/- PIM S H SB GA TA FO MP PP MP PK MP
------------------------------------------------------------------------------------
Bill Guerin 0 1 1 1 0 1 2 0 0 2 0/1 15:19 4:01 0:00
Brent Sopel 0 0 0 0 2 1 1 2 0 1 0/0 19:58 3:23 1:08
Brooks Laich 0 0 0 0 0 0 1 1 0 0 1/6 11:10 0:00 0:05
Chris Gratton 0 0 0 0 0 3 2 0 0 0 4/4 10:04 0:00 2:48
Dan Hinote 0 0 0 0 0 2 0 1 0 1 0/0 10:04 0:00 2:42
Greg De Vries 0 0 0 -1 0 0 1 0 0 0 0/0 18:28 3:23 1:59
Hnat Domenichelli 0 0 0 0 0 1 1 0 0 0 0/0 11:34 0:00 0:57
Jason Smith 0 1 1 0 0 0 0 1 0 1 0/0 19:05 0:00 3:01
Jeff Taffe 0 0 0 0 0 2 3 0 0 0 1/1 7:16 0:00 0:00
Joe Sakic 0 0 0 -2 0 7 1 0 0 0 18/33 20:30 5:54 0:00
Kris Versteeg 0 0 0 -2 0 6 2 0 1 0 1/1 21:22 5:54 0:52
Kristopher Letang 0 0 0 0 2 2 1 0 0 2 0/0 24:31 6:32 0:27
Marek Zidlicky 0 0 0 0 2 3 1 0 0 2 0/0 21:54 6:32 0:24
Martin Havlat 0 0 0 -2 0 1 1 0 2 1 0/0 21:42 5:54 1:18
Matthew Spiller 0 0 0 -1 0 1 0 2 0 1 0/0 16:06 0:00 3:01
Nikita Alexeev 0 0 0 0 0 0 1 2 0 1 0/0 11:10 0:00 0:00
Scott Gomez 0 0 0 1 0 3 1 0 0 0 5/9 17:27 4:01 1:18
Steve Sullivan 1 0 1 1 2 2 2 0 1 0 0/0 15:17 4:01 0:00
Players Stats for Maple Leafs
Player Name G A P +/- PIM S H SB GA TA FO MP PP MP PK MP
------------------------------------------------------------------------------------
Alex Goligoski 0 0 0 0 2 0 0 1 0 0 0/0 20:23 2:17 2:36
Andy Hilbert 0 0 0 -1 0 0 0 0 0 0 0/0 7:39 0:00 1:44
Brad Boyes 1 1 2 1 2 4 1 1 0 0 1/1 17:32 2:31 1:53
Brent Burns 0 0 0 0 2 0 0 0 0 0 0/0 11:41 0:04 0:00
Brett Clark 0 1 1 0 0 0 2 0 0 1 0/0 21:24 2:17 3:25
Byron Bitz 0 0 0 0 0 1 0 0 0 0 0/0 11:03 0:00 0:00
Claude Giroux 0 1 1 1 0 2 2 0 3 0 0/0 23:14 2:29 5:44
Derek Roy 0 0 0 1 2 1 2 1 0 0 2/5 13:53 2:31 0:14
Dion Phaneuf 0 1 1 1 0 1 1 1 4 1 0/0 28:08 2:43 6:49
Dustin Penner 1 0 1 1 0 1 0 0 0 0 0/0 13:39 2:31 0:00
Eric Brewer 0 1 1 1 2 0 1 1 1 1 0/0 26:03 2:39 5:15
Jordan Leopold 0 0 0 0 0 0 0 0 0 0 0/0 13:42 0:00 1:45
Paul Stastny 0 0 0 0 0 2 0 0 0 0 4/9 10:46 0:00 0:00
Peter Forsberg 0 1 1 1 0 5 1 0 3 0 14/35 23:14 2:29 5:44
Rob Niedermayer 0 0 0 -1 0 2 1 0 0 0 1/1 7:46 0:00 1:51
Scott Walker 0 0 0 -1 2 3 1 0 0 0 0/1 5:53 0:00 0:00
Steve Ott 0 0 0 0 0 3 2 0 1 0 0/0 11:03 0:00 0:00
Zach Parise 1 0 1 1 0 2 5 0 0 1 3/3 20:57 2:29 2:40
3 Stars
1 - Marc-André Fleury (Tor)
2 - Zach Parise (Tor)
3 - Brad Boyes (Tor)
Power Play
Blackhawks - 0 on 5 Attempt(s) - 0,00%
Maple Leafs - 1 on 3 Attempt(s) - 33,33%
Penalty Kill
Blackhawks - 2 on 3 Attempt(s) - 66,67%
- Score 0 goal in Penalty Kill
Maple Leafs - 5 on 5 Attempt(s) - 100,00%
- Score 0 goal in Penalty Kill
Official
Referees : Fraser Kerry and Auger Stephane
Linesman : Lyle Seitz and Tim Nowak
Game Notes
No Game Note
Blackhawks
5 vs 5 Forward
Center Left Wing Right Wing Time % Phy DF OF
1 Joe Sakic Kris Versteeg Martin Havlat 40 1 2 2
2 Scott Gomez Steve Sullivan Bill Guerin 30 1 2 2
3 Brooks Laich Hnat Domenichelli Nikita Alexeev 20 0 2 3
4 Chris Gratton Jeff Taffe Dan Hinote 10 1 3 1
5 vs 5 Defense
Defense Defense Time % Phy DF OF
1 Jason Smith Marek Zidlicky 35 1 2 2
2 Brent Sopel Kristopher Letang 35 1 2 2
3 Greg De Vries Matthew Spiller 20 1 2 2
4 Jason Smith Kristopher Letang 10 1 2 2
PowerPlay Forward
Center Left Wing Right Wing Time % Phy DF OF
1 Joe Sakic Kris Versteeg Martin Havlat 60 1 1 3
2 Scott Gomez Steve Sullivan Bill Guerin 40 1 1 3
PowerPlay Defense
Defense Defense Time % Phy DF OF
1 Marek Zidlicky Kristopher Letang 60 1 1 3
2 Brent Sopel Greg De Vries 40 1 1 3
Penalty Kill 4 Players Forward
Center Wing Time % Phy DF OF
1 Chris Gratton Dan Hinote 60 1 3 1
2 Scott Gomez Martin Havlat 40 1 3 1
Penalty Kill 4 Players Defense
Defense Defense Time % Phy DF OF
1 Jason Smith Matthew Spiller 60 1 3 1
2 Greg De Vries Brent Sopel 40 1 3 1
Penalty Kill - 3 Players Forward
Forward Time % Phy DF OF
1 Chris Gratton 60 1 3 1
2 Scott Gomez 40 1 3 1
Penalty Kill - 3 Players Defense
Defense Defense Time % Phy DF OF
1 Jason Smith Matthew Spiller 60 1 2 2
2 Greg De Vries Brent Sopel 40 1 2 2
4 vs 4 Forward
Center Wing Time % Phy DF OF
1 Joe Sakic Kris Versteeg 60 1 2 2
2 Scott Gomez Martin Havlat 40 1 2 2
4 vs 4 Defense
Defense Defense Time % Phy DF OF
1 Jason Smith Marek Zidlicky 60 1 2 2
2 Brent Sopel Kristopher Letang 40 1 2 2
Last Minutes Offensive
Center Left Wing Right Wing Defense Defense
Joe Sakic Kris Versteeg Martin Havlat Marek Zidlicky Kristopher Letang
Last Minutes Defensive
Center Left Wing Right Wing Defense Defense
Joe Sakic Kris Versteeg Martin Havlat Jason Smith Matthew Spiller
Goaltenders
Starting : Tyler Weiman
Backup : Brian Boucher
Extra Forwards
Normal : Nikita Alexeev, Brooks Laich, Hnat Domenichelli - PP : Brooks Laich, Nikita Alexeev - PK : Kris Versteeg
Extra Defensemen
Normal : Matthew Spiller, Greg De Vries, Kristopher Letang - PP : Kristopher Letang - PK : Marek Zidlicky, Kristopher Letang
Penalty Shots
Joe Sakic, Bill Guerin, Scott Gomez, Steve Sullivan, Kris Versteeg
Maple Leafs
5 vs 5 Forward
Center Left Wing Right Wing Time % Phy DF OF
1 Peter Forsberg Zach Parise Claude Giroux 40 1 2 2
2 Derek Roy Dustin Penner Brad Boyes 30 1 2 2
3 Paul Stastny Steve Ott Byron Bitz 20 1 2 2
4 Rob Niedermayer Andy Hilbert Scott Walker 10 1 2 2
5 vs 5 Defense
Defense Defense Time % Phy DF OF
1 Dion Phaneuf Eric Brewer 40 1 2 2
2 Brett Clark Alex Goligoski 30 1 2 2
3 Brent Burns Jordan Leopold 20 1 2 2
4 Dion Phaneuf Eric Brewer 10 1 2 2
PowerPlay Forward
Center Left Wing Right Wing Time % Phy DF OF
1 Peter Forsberg Zach Parise Claude Giroux 60 1 2 2
2 Derek Roy Dustin Penner Brad Boyes 40 1 2 2
PowerPlay Defense
Defense Defense Time % Phy DF OF
1 Dion Phaneuf Eric Brewer 60 1 2 2
2 Brett Clark Alex Goligoski 40 1 2 2
Penalty Kill 4 Players Forward
Center Wing Time % Phy DF OF
1 Peter Forsberg Claude Giroux 60 1 2 2
2 Zach Parise Brad Boyes 40 1 2 2
Penalty Kill 4 Players Defense
Defense Defense Time % Phy DF OF
1 Dion Phaneuf Eric Brewer 60 1 2 2
2 Brett Clark Alex Goligoski 40 1 2 2
Penalty Kill - 3 Players Forward
Forward Time % Phy DF OF
1 Peter Forsberg 60 1 2 2
2 Claude Giroux 40 1 2 2
Penalty Kill - 3 Players Defense
Defense Defense Time % Phy DF OF
1 Dion Phaneuf Eric Brewer 60 1 2 2
2 Brett Clark Alex Goligoski 40 1 2 2
4 vs 4 Forward
Center Wing Time % Phy DF OF
1 Peter Forsberg Claude Giroux 60 1 2 2
2 Zach Parise Brad Boyes 40 1 2 2
4 vs 4 Defense
Defense Defense Time % Phy DF OF
1 Dion Phaneuf Eric Brewer 60 1 2 2
2 Brett Clark Alex Goligoski 40 1 2 2
Last Minutes Offensive
Center Left Wing Right Wing Defense Defense
Peter Forsberg Zach Parise Claude Giroux Dion Phaneuf Eric Brewer
Last Minutes Defensive
Center Left Wing Right Wing Defense Defense
Peter Forsberg Zach Parise Claude Giroux Dion Phaneuf Eric Brewer
Goaltenders
Starting : Marc-André Fleury
Backup : Mike Dunham
Extra Forwards
Normal : Byron Bitz, Steve Ott, Rob Niedermayer - PP : Byron Bitz, Steve Ott - PK : Rob Niedermayer
Extra Defensemen
Normal : Brent Burns, Jordan Leopold, Brett Clark - PP : Brent Burns - PK : Jordan Leopold, Brett Clark
Penalty Shots
Peter Forsberg, Claude Giroux, Zach Parise, Brad Boyes, Derek Roy
% Time on Ice - Blackhawks
Lines # - Real PCT - Wanted PCT - Time Play
Normal Forward
1 - 32% - 40% - 13:39
2 - 27% - 30% - 11:48
3 - 24% - 20% - 10:23
4 - 17% - 10% - 7:16
Normal Defense
1 - 35% - 35% - 14:59
2 - 34% - 35% - 14:41
3 - 28% - 20% - 12:00
4 - 3% - 10% - 1:26
PP Forward
1 - 59% - 60% - 5:54
2 - 41% - 40% - 4:01
PP Defense
1 - 66% - 60% - 6:32
2 - 34% - 40% - 3:23
PK Forward
1 - 74% - 60% - 3:42
2 - 26% - 40% - 1:18
PK Defense
1 - 60% - 60% - 3:01
2 - 40% - 40% - 1:59
PK3 Forward
1 - 0% - 60%
2 - 0% - 40%
PK3 Defense
1 - 0% - 60%
2 - 0% - 40%
44 Forward
1 - 64% - 60% - 1:16
2 - 36% - 40% - 0:43
44 Defense
1 - 61% - 60% - 1:12
2 - 39% - 40% - 0:47
Last Minute Offensive - 0:00
Last Minute Defensive - 0:00
Total
Forward - 60:00
Defense - 60:00
|
% Time on Ice - Maple Leafs
Lines # - Real PCT - Wanted PCT - Time Play
Normal Forward
1 - 32% - 40% - 13:54
2 - 29% - 30% - 12:32
3 - 25% - 20% - 10:46
4 - 14% - 10% - 5:54
Normal Defense
1 - 38% - 40% - 16:13
2 - 34% - 30% - 14:43
3 - 25% - 20% - 10:58
4 - 3% - 10% - 1:12
PP Forward
1 - 50% - 60% - 2:29
2 - 50% - 40% - 2:31
PP Defense
1 - 54% - 60% - 2:43
2 - 46% - 40% - 2:17
PK Forward
1 - 73% - 60% - 7:15
2 - 27% - 40% - 2:40
PK Defense
1 - 69% - 60% - 6:49
2 - 31% - 40% - 3:06
PK3 Forward
1 - 0% - 60%
2 - 0% - 40%
PK3 Defense
1 - 0% - 60%
2 - 0% - 40%
44 Forward
1 - 71% - 60% - 1:25
2 - 29% - 40% - 0:34
44 Defense
1 - 60% - 60% - 1:11
2 - 40% - 40% - 0:48
Last Minute Offensive - 0:00
Last Minute Defensive - 0:00
Total
Forward - 60:00
Defense - 60:00
|
Play by Play
1st period
0:01 of 1st period - Joe Sakic wins face-off versus Peter Forsberg in neutral zone.
0:36 of 1st period - Snap shot by Derek Roy.
0:36 of 1st period - Shot Misses the Net.
1:19 of 1st period - Brett Clark is hit by Jeff Taffe and loses puck.
1:58 of 1st period - Derek Roy is hit by Bill Guerin and loses puck.
2:53 of 1st period - Brent Sopel is hit by Zach Parise and loses puck.
3:00 of 1st period - Slapshot by Jeff Taffe.
3:00 of 1st period - Stopped by Marc-André Fleury without a rebound.
3:01 of 1st period - Joe Sakic wins face-off versus Peter Forsberg in Maple Leafs zone.
3:50 of 1st period - Wrist shot by Scott Walker.
3:50 of 1st period - Stopped by Tyler Weiman with a rebound.
3:52 of 1st period - Snap shot by Rob Niedermayer.
3:52 of 1st period - Stopped by Tyler Weiman without a rebound.
3:53 of 1st period - Joe Sakic wins face-off versus Scott Walker in Blackhawks zone.
5:22 of 1st period - Snap shot by Steve Sullivan.
5:22 of 1st period - Goal by Steve Sullivan - Blackhawks : 1 - Maple Leafs : 0.
5:23 of 1st period - Peter Forsberg wins face-off versus Joe Sakic in neutral zone.
6:22 of 1st period - Eric Brewer is hit by Scott Gomez and loses puck.
6:35 of 1st period - Martin Havlat is hit by Rob Niedermayer and loses puck.
6:40 of 1st period - Wrist shot by Scott Walker.
6:40 of 1st period - Stopped by Tyler Weiman with a rebound.
6:42 of 1st period - Snap shot by Scott Walker.
6:42 of 1st period - Stopped by Tyler Weiman with a rebound.
7:43 of 1st period - Wrist shot by Byron Bitz.
7:43 of 1st period - Stopped by Tyler Weiman without a rebound.
7:44 of 1st period - Peter Forsberg wins face-off versus Joe Sakic in Blackhawks zone.
7:49 of 1st period - Slapshot by Zach Parise.
7:49 of 1st period - Stopped by Tyler Weiman with a rebound.
8:11 of 1st period - Bill Guerin is hit by Derek Roy and loses puck.
8:20 of 1st period - Snap shot by Brad Boyes.
8:20 of 1st period - Stopped by Tyler Weiman without a rebound.
8:21 of 1st period - Joe Sakic wins face-off versus Paul Stastny in Blackhawks zone.
9:50 of 1st period - Slapshot by Zach Parise.
9:50 of 1st period - Deflect By Peter Forsberg.
9:50 of 1st period - Stopped by Tyler Weiman with a rebound.
10:13 of 1st period - Snap shot by Joe Sakic.
10:13 of 1st period - Stopped by Marc-André Fleury with a rebound.
10:15 of 1st period - Snap shot by Joe Sakic.
10:15 of 1st period - Shot Misses the Net.
10:17 of 1st period - Slapshot by Marek Zidlicky.
10:17 of 1st period - Stopped by Marc-André Fleury with a rebound.
10:19 of 1st period - Wrist shot by Martin Havlat.
10:19 of 1st period - Shot Misses the Net.
11:02 of 1st period - Slapshot by Dion Phaneuf.
11:02 of 1st period - Stopped by Tyler Weiman without a rebound.
11:03 of 1st period - Peter Forsberg wins face-off versus Joe Sakic in Blackhawks zone.
11:10 of 1st period - Martin Havlat is hit by Peter Forsberg and loses puck.
12:08 of 1st period - Rob Niedermayer is hit by Joe Sakic and loses puck.
12:30 of 1st period - Snap shot by Bill Guerin.
12:30 of 1st period - Shot Misses the Net.
13:34 of 1st period - Jason Smith is hit by Scott Walker and loses puck.
13:39 of 1st period - Snap shot by Andy Hilbert.
13:39 of 1st period - Shot Blocked by Jason Smith.
13:41 of 1st period - Slapshot by Brett Clark.
13:41 of 1st period - Shot Misses the Net.
13:53 of 1st period - Zach Parise is hit by Marek Zidlicky and loses puck.
14:01 of 1st period - Minor Penalty to Brent Burns for High sticking.
14:01 of 1st period - Minor Penalty to Marek Zidlicky for Holding.
14:02 of 1st period - Peter Forsberg wins face-off versus Joe Sakic in Blackhawks zone.
14:13 of 1st period - Wrist shot by Claude Giroux.
14:13 of 1st period - Stopped by Tyler Weiman with a rebound.
15:01 of 1st period - Snap shot by Brooks Laich.
15:01 of 1st period - Shot Misses the Net.
15:48 of 1st period - Claude Giroux is hit by Martin Havlat and loses puck.
16:01 of 1st period - Penalty to Brent Burns is over, Brent Burns is back on ice.
16:01 of 1st period - Penalty to Marek Zidlicky is over, Marek Zidlicky is back on ice.
16:33 of 1st period - Off-side.
16:34 of 1st period - Jeff Taffe wins face-off versus Paul Stastny in neutral zone.
16:39 of 1st period - Dion Phaneuf is hit by Jeff Taffe and loses puck.
17:31 of 1st period - Snap shot by Scott Gomez.
17:31 of 1st period - Stopped by Marc-André Fleury without a rebound.
17:32 of 1st period - Joe Sakic wins face-off versus Derek Roy in Maple Leafs zone.
17:46 of 1st period - Snap shot by Brad Boyes.
17:46 of 1st period - Stopped by Tyler Weiman without a rebound.
17:47 of 1st period - Zach Parise wins face-off versus Scott Gomez in Blackhawks zone.
18:19 of 1st period - Brett Clark is hit by Kris Versteeg and loses puck.
18:38 of 1st period - Wrist shot by Hnat Domenichelli.
18:38 of 1st period - Shot Misses the Net.
19:33 of 1st period - Minor Penalty to Derek Roy for Diving.
19:34 of 1st period - Joe Sakic wins face-off versus Peter Forsberg in Maple Leafs zone.
19:41 of 1st period - Snap shot by Kris Versteeg.
19:41 of 1st period - Shot Misses the Net.
19:59 of 1st period - Claude Giroux is hit by Bill Guerin and loses puck.
2nd period
0:01 of 2nd period - Joe Sakic wins face-off versus Peter Forsberg in neutral zone.
0:10 of 2nd period - Backhand shot by Martin Havlat.
0:10 of 2nd period - Shot Misses the Net.
1:12 of 2nd period - Kris Versteeg is hit by Zach Parise.
1:33 of 2nd period - Penalty to Derek Roy is over, Derek Roy is back on ice.
1:52 of 2nd period - Snap shot by Chris Gratton.
1:52 of 2nd period - Stopped by Marc-André Fleury with a rebound.
1:54 of 2nd period - Snap shot by Jeff Taffe.
1:54 of 2nd period - Deflect By Dan Hinote.
1:54 of 2nd period - Stopped by Marc-André Fleury with a rebound.
1:56 of 2nd period - Snap shot by Dan Hinote.
1:56 of 2nd period - Stopped by Marc-André Fleury with a rebound.
1:58 of 2nd period - Slapshot by Kristopher Letang.
1:58 of 2nd period - Shot Misses the Net.
2:00 of 2nd period - Backhand shot by Greg De Vries.
2:00 of 2nd period - Deflect By Jeff Taffe.
2:00 of 2nd period - Shot Misses the Net.
2:00 of 2nd period - Puck is out of play.
2:01 of 2nd period - Derek Roy wins face-off versus Brooks Laich in Maple Leafs zone.
2:08 of 2nd period - Snap shot by Derek Roy.
2:08 of 2nd period - Shot Blocked by Nikita Alexeev.
2:18 of 2nd period - Alex Goligoski is hit by Brooks Laich and loses puck.
2:35 of 2nd period - Slapshot by Joe Sakic.
2:35 of 2nd period - Stopped by Marc-André Fleury with a rebound.
2:39 of 2nd period - Snap shot by Joe Sakic.
2:39 of 2nd period - Stopped by Marc-André Fleury without a rebound.
2:40 of 2nd period - Joe Sakic wins face-off versus Peter Forsberg in Maple Leafs zone.
3:41 of 2nd period - Minor Penalty to Kristopher Letang for Slashing.
3:42 of 2nd period - Chris Gratton wins face-off versus Peter Forsberg in Blackhawks zone.
4:17 of 2nd period - Jason Smith is hit by Derek Roy.
4:54 of 2nd period - Brent Sopel is hit by Claude Giroux and loses puck.
5:41 of 2nd period - Penalty to Kristopher Letang is over, Kristopher Letang is back on ice.
5:42 of 2nd period - Brent Burns is hit by Brent Sopel and loses puck.
5:47 of 2nd period - Snap shot by Scott Gomez.
5:47 of 2nd period - Stopped by Marc-André Fleury without a rebound.
5:48 of 2nd period - Scott Gomez wins face-off versus Paul Stastny in Maple Leafs zone.
5:49 of 2nd period - Slapshot by Steve Sullivan.
5:49 of 2nd period - Shot Misses the Net.
5:52 of 2nd period - Minor Penalty to Steve Sullivan for Tripping.
5:53 of 2nd period - Chris Gratton wins face-off versus Derek Roy in Blackhawks zone.
5:53 of 2nd period - Chris Gratton is hit by Dion Phaneuf.
6:27 of 2nd period - Snap shot by Scott Gomez.
6:27 of 2nd period - Shot Misses the Net.
6:29 of 2nd period - Snap shot by Martin Havlat.
6:29 of 2nd period - Shot Misses the Net.
6:31 of 2nd period - Slapshot by Brent Sopel.
6:31 of 2nd period - Deflect By Derek Roy.
6:31 of 2nd period - Stopped by Marc-André Fleury without a rebound.
6:32 of 2nd period - Scott Gomez wins face-off versus Peter Forsberg in Maple Leafs zone.
6:38 of 2nd period - Icing by Brett Clark.
6:39 of 2nd period - Chris Gratton wins face-off versus Peter Forsberg in Maple Leafs zone.
7:11 of 2nd period - Slapshot by Brad Boyes.
7:11 of 2nd period - Shot Blocked by Matthew Spiller.
7:13 of 2nd period - Snap shot by Dustin Penner.
7:13 of 2nd period - Shot Misses the Net.
7:15 of 2nd period - Wrist shot by Dustin Penner.
7:15 of 2nd period - Shot Misses the Net.
7:17 of 2nd period - Wrist shot by Dustin Penner.
7:17 of 2nd period - Goal by Dustin Penner - Blackhawks : 1 - Maple Leafs : 1.
7:18 of 2nd period - Kris Versteeg wins face-off versus Peter Forsberg in neutral zone.
7:30 of 2nd period - Wrist shot by Kris Versteeg.
7:30 of 2nd period - Stopped by Marc-André Fleury without a rebound.
7:31 of 2nd period - Peter Forsberg wins face-off versus Joe Sakic in Maple Leafs zone.
7:58 of 2nd period - Eric Brewer is hit by Kristopher Letang and loses puck.
8:10 of 2nd period - Wrist shot by Nikita Alexeev.
8:10 of 2nd period - Shot Misses the Net.
8:32 of 2nd period - Slapshot by Chris Gratton.
8:32 of 2nd period - Shot Misses the Net.
8:40 of 2nd period - Snap shot by Brad Boyes.
8:40 of 2nd period - Stopped by Tyler Weiman with a rebound.
8:42 of 2nd period - Snap shot by Brad Boyes.
8:42 of 2nd period - Goal by Brad Boyes - Blackhawks : 1 - Maple Leafs : 2.
8:43 of 2nd period - Zach Parise wins face-off versus Joe Sakic in neutral zone.
8:50 of 2nd period - Wrist shot by Peter Forsberg.
8:50 of 2nd period - Stopped by Tyler Weiman without a rebound.
8:51 of 2nd period - Joe Sakic wins face-off versus Peter Forsberg in Blackhawks zone.
9:18 of 2nd period - Snap shot by Zach Parise.
9:18 of 2nd period - Goal by Zach Parise - Blackhawks : 1 - Maple Leafs : 3.
9:19 of 2nd period - Joe Sakic wins face-off versus Peter Forsberg in neutral zone.
10:08 of 2nd period - Snap shot by Paul Stastny.
10:08 of 2nd period - Shot Misses the Net.
10:36 of 2nd period - Snap shot by Kris Versteeg.
10:36 of 2nd period - Stopped by Marc-André Fleury without a rebound.
10:37 of 2nd period - Peter Forsberg wins face-off versus Scott Gomez in Maple Leafs zone.
10:41 of 2nd period - Minor Penalty to Alex Goligoski for Hooking.
10:42 of 2nd period - Peter Forsberg wins face-off versus Joe Sakic in Maple Leafs zone.
10:51 of 2nd period - Snap shot by Kris Versteeg.
10:51 of 2nd period - Stopped by Marc-André Fleury with a rebound.
10:53 of 2nd period - Wrist shot by Marek Zidlicky.
10:53 of 2nd period - Shot Misses the Net.
10:55 of 2nd period - Snap shot by Joe Sakic.
10:55 of 2nd period - Stopped by Marc-André Fleury without a rebound.
10:56 of 2nd period - Peter Forsberg wins face-off versus Joe Sakic in Maple Leafs zone.
11:27 of 2nd period - Marek Zidlicky is hit by Brett Clark.
11:35 of 2nd period - Snap shot by Scott Gomez.
11:35 of 2nd period - Shot Blocked by Brad Boyes.
11:48 of 2nd period - Icing by Marek Zidlicky.
11:49 of 2nd period - Scott Gomez wins face-off versus Peter Forsberg in Blackhawks zone.
11:49 of 2nd period - Scott Gomez is hit by Claude Giroux.
11:59 of 2nd period - Wrist shot by Kris Versteeg.
11:59 of 2nd period - Stopped by Marc-André Fleury without a rebound.
12:00 of 2nd period - Joe Sakic wins face-off versus Peter Forsberg in Maple Leafs zone.
12:05 of 2nd period - Snap shot by Joe Sakic.
12:05 of 2nd period - Shot Misses the Net.
12:07 of 2nd period - Wrist shot by Joe Sakic.
12:07 of 2nd period - Stopped by Marc-André Fleury without a rebound.
12:08 of 2nd period - Joe Sakic wins face-off versus Peter Forsberg in Maple Leafs zone.
12:35 of 2nd period - Off-side.
12:36 of 2nd period - Zach Parise wins face-off versus Bill Guerin in neutral zone.
12:41 of 2nd period - Penalty to Alex Goligoski is over, Alex Goligoski is back on ice.
12:51 of 2nd period - Steve Sullivan is hit by Zach Parise and loses puck.
13:03 of 2nd period - Kristopher Letang is hit by Zach Parise and loses puck.
13:20 of 2nd period - Wrist shot by Marek Zidlicky.
13:20 of 2nd period - Stopped by Marc-André Fleury without a rebound.
13:21 of 2nd period - Paul Stastny wins face-off versus Joe Sakic in Maple Leafs zone.
13:28 of 2nd period - Snap shot by Paul Stastny.
13:28 of 2nd period - Shot Misses the Net.
13:43 of 2nd period - Icing by Byron Bitz.
13:44 of 2nd period - Brooks Laich wins face-off versus Paul Stastny in Maple Leafs zone.
13:53 of 2nd period - Slapshot by Hnat Domenichelli.
13:53 of 2nd period - Shot Misses the Net.
14:23 of 2nd period - Wrist shot by Kristopher Letang.
14:23 of 2nd period - Stopped by Marc-André Fleury with a rebound.
14:31 of 2nd period - Snap shot by Paul Stastny.
14:31 of 2nd period - Stopped by Tyler Weiman with a rebound.
14:39 of 2nd period - Wrist shot by Steve Ott.
14:39 of 2nd period - Stopped by Tyler Weiman with a rebound.
14:41 of 2nd period - Slapshot by Dion Phaneuf.
14:41 of 2nd period - Shot Blocked by Brooks Laich.
14:43 of 2nd period - Wrist shot by Steve Ott.
14:43 of 2nd period - Stopped by Tyler Weiman without a rebound.
14:44 of 2nd period - Joe Sakic wins face-off versus Peter Forsberg in Blackhawks zone.
15:16 of 2nd period - Dan Hinote is hit by Brad Boyes and loses puck.
15:23 of 2nd period - Jeff Taffe is hit by Brett Clark and loses puck.
16:26 of 2nd period - Minor Penalty to Scott Walker for Interference.
16:27 of 2nd period - Joe Sakic wins face-off versus Peter Forsberg in Maple Leafs zone.
18:26 of 2nd period - Penalty to Scott Walker is over, Scott Walker is back on ice.
18:53 of 2nd period - Snap shot by Marek Zidlicky.
18:53 of 2nd period - Shot Misses the Net.
18:55 of 2nd period - Slapshot by Kristopher Letang.
18:55 of 2nd period - Deflect By Jeff Taffe.
18:55 of 2nd period - Stopped by Marc-André Fleury with a rebound.
18:57 of 2nd period - Slapshot by Kristopher Letang.
18:57 of 2nd period - Stopped by Marc-André Fleury with a rebound.
18:59 of 2nd period - Snap shot by Chris Gratton.
18:59 of 2nd period - Stopped by Marc-André Fleury with a rebound.
19:01 of 2nd period - Slapshot by Jeff Taffe.
19:01 of 2nd period - Shot Misses the Net.
19:03 of 2nd period - Slapshot by Chris Gratton.
19:03 of 2nd period - Shot Blocked by Derek Roy.
19:13 of 2nd period - Snap shot by Andy Hilbert.
19:13 of 2nd period - Shot Misses the Net.
19:29 of 2nd period - Byron Bitz is hit by Greg De Vries and loses puck.
3rd period
0:01 of 3rd period - Peter Forsberg wins face-off versus Joe Sakic in neutral zone.
0:13 of 3rd period - Icing by Brent Sopel.
0:14 of 3rd period - Peter Forsberg wins face-off versus Joe Sakic in Blackhawks zone.
0:41 of 3rd period - Kris Versteeg is hit by Eric Brewer and loses puck.
1:03 of 3rd period - Wrist shot by Kris Versteeg.
1:03 of 3rd period - Stopped by Marc-André Fleury with a rebound.
1:09 of 3rd period - Brent Sopel is hit by Steve Ott and loses puck.
1:14 of 3rd period - Slapshot by Byron Bitz.
1:14 of 3rd period - Shot Misses the Net.
1:26 of 3rd period - Wrist shot by Paul Stastny.
1:26 of 3rd period - Shot Blocked by Brent Sopel.
1:28 of 3rd period - Wrist shot by Paul Stastny.
1:28 of 3rd period - Stopped by Tyler Weiman without a rebound.
1:29 of 3rd period - Scott Gomez wins face-off versus Peter Forsberg in Blackhawks zone.
1:47 of 3rd period - Icing by Steve Sullivan.
1:48 of 3rd period - Derek Roy wins face-off versus Scott Gomez in Blackhawks zone.
1:51 of 3rd period - Wrist shot by Brad Boyes.
1:51 of 3rd period - Shot Misses the Net.
2:02 of 3rd period - Wrist shot by Scott Gomez.
2:02 of 3rd period - Stopped by Marc-André Fleury without a rebound.
2:03 of 3rd period - Peter Forsberg wins face-off versus Brooks Laich in Maple Leafs zone.
2:03 of 3rd period - Peter Forsberg is hit by Hnat Domenichelli.
2:11 of 3rd period - Snap shot by Claude Giroux.
2:11 of 3rd period - Shot Blocked by Nikita Alexeev.
2:17 of 3rd period - Snap shot by Hnat Domenichelli.
2:17 of 3rd period - Shot Misses the Net.
2:29 of 3rd period - Claude Giroux is hit by Chris Gratton and loses puck.
3:02 of 3rd period - Wrist shot by Joe Sakic.
3:02 of 3rd period - Stopped by Marc-André Fleury with a rebound.
3:14 of 3rd period - Wrist shot by Claude Giroux.
3:14 of 3rd period - Shot Misses the Net.
3:19 of 3rd period - Icing by Scott Gomez.
3:20 of 3rd period - Brad Boyes wins face-off versus Scott Gomez in Blackhawks zone.
3:29 of 3rd period - Snap shot by Derek Roy.
3:29 of 3rd period - Stopped by Tyler Weiman without a rebound.
3:30 of 3rd period - Joe Sakic wins face-off versus Derek Roy in Blackhawks zone.
3:35 of 3rd period - Backhand shot by Joe Sakic.
3:35 of 3rd period - Shot Blocked by Eric Brewer.
3:38 of 3rd period - Minor Penalty to Eric Brewer for Roughing.
3:39 of 3rd period - Joe Sakic wins face-off versus Peter Forsberg in Maple Leafs zone.
4:21 of 3rd period - Slapshot by Marek Zidlicky.
4:21 of 3rd period - Deflect By Joe Sakic.
4:21 of 3rd period - Shot Blocked by Alex Goligoski.
4:21 of 3rd period - Puck is out of play.
4:22 of 3rd period - Rob Niedermayer wins face-off versus Joe Sakic in Maple Leafs zone.
4:33 of 3rd period - Wrist shot by Martin Havlat.
4:33 of 3rd period - Stopped by Marc-André Fleury with a rebound.
4:35 of 3rd period - Snap shot by Martin Havlat.
4:35 of 3rd period - Shot Misses the Net.
4:47 of 3rd period - Dion Phaneuf is hit by Steve Sullivan and loses puck.
4:52 of 3rd period - Wrist shot by Steve Sullivan.
4:52 of 3rd period - Shot Blocked by Dion Phaneuf.
4:54 of 3rd period - Slapshot by Marek Zidlicky.
4:54 of 3rd period - Stopped by Marc-André Fleury with a rebound.
5:38 of 3rd period - Penalty to Eric Brewer is over, Eric Brewer is back on ice.
5:46 of 3rd period - Snap shot by Zach Parise.
5:46 of 3rd period - Shot Misses the Net.
5:48 of 3rd period - Backhand shot by Zach Parise.
5:48 of 3rd period - Deflect By Brooks Laich.
5:48 of 3rd period - Shot Misses the Net.
5:48 of 3rd period - Puck is out of play.
5:49 of 3rd period - Paul Stastny wins face-off versus Brooks Laich in Blackhawks zone.
6:42 of 3rd period - Backhand shot by Alex Goligoski.
6:42 of 3rd period - Shot Misses the Net.
7:17 of 3rd period - Wrist shot by Steve Ott.
7:17 of 3rd period - Stopped by Tyler Weiman without a rebound.
7:18 of 3rd period - Joe Sakic wins face-off versus Paul Stastny in Blackhawks zone.
7:28 of 3rd period - Icing by Joe Sakic.
7:29 of 3rd period - Peter Forsberg wins face-off versus Joe Sakic in Blackhawks zone.
8:06 of 3rd period - Snap shot by Bill Guerin.
8:06 of 3rd period - Stopped by Marc-André Fleury without a rebound.
8:07 of 3rd period - Scott Gomez wins face-off versus Peter Forsberg in Maple Leafs zone.
8:16 of 3rd period - Snap shot by Steve Sullivan.
8:16 of 3rd period - Stopped by Marc-André Fleury with a rebound.
8:53 of 3rd period - Off-side.
8:54 of 3rd period - Paul Stastny wins face-off versus Brooks Laich in neutral zone.
8:57 of 3rd period - Slapshot by Dion Phaneuf.
8:57 of 3rd period - Shot Blocked by Brent Sopel.
9:04 of 3rd period - Off-side.
9:05 of 3rd period - Peter Forsberg wins face-off versus Joe Sakic in neutral zone.
9:20 of 3rd period - Snap shot by Claude Giroux.
9:20 of 3rd period - Deflect By Kris Versteeg.
9:20 of 3rd period - Stopped by Tyler Weiman with a rebound.
9:55 of 3rd period - Snap shot by Hnat Domenichelli.
9:55 of 3rd period - Stopped by Marc-André Fleury without a rebound.
9:56 of 3rd period - Paul Stastny wins face-off versus Brooks Laich in Maple Leafs zone.
10:03 of 3rd period - Slapshot by Alex Goligoski.
10:03 of 3rd period - Shot Blocked by Matthew Spiller.
10:21 of 3rd period - Peter Forsberg is hit by Kris Versteeg and loses puck.
10:28 of 3rd period - Wrist shot by Joe Sakic.
10:28 of 3rd period - Stopped by Marc-André Fleury with a rebound.
11:26 of 3rd period - Kris Versteeg is hit by Steve Ott and loses puck.
11:50 of 3rd period - Off-side.
11:51 of 3rd period - Peter Forsberg wins face-off versus Joe Sakic in neutral zone.
12:04 of 3rd period - Slapshot by Peter Forsberg.
12:04 of 3rd period - Stopped by Tyler Weiman with a rebound.
12:41 of 3rd period - Backhand shot by Brooks Laich.
12:41 of 3rd period - Shot Misses the Net.
12:43 of 3rd period - Slapshot by Nikita Alexeev.
12:43 of 3rd period - Shot Misses the Net.
12:45 of 3rd period - Slapshot by Matthew Spiller.
12:45 of 3rd period - Stopped by Marc-André Fleury with a rebound.
13:15 of 3rd period - Slapshot by Alex Goligoski.
13:15 of 3rd period - Shot Blocked by Dan Hinote.
13:38 of 3rd period - Derek Roy is hit by Steve Sullivan and loses puck.
13:40 of 3rd period - Minor Penalty to Brad Boyes for Interference.
13:41 of 3rd period - Joe Sakic wins face-off versus Peter Forsberg in Maple Leafs zone.
13:56 of 3rd period - Snap shot by Joe Sakic.
13:56 of 3rd period - Deflect By Kris Versteeg.
13:56 of 3rd period - Stopped by Marc-André Fleury with a rebound.
14:12 of 3rd period - Snap shot by Steve Sullivan.
14:12 of 3rd period - Shot Misses the Net.
15:09 of 3rd period - Greg De Vries is hit by Zach Parise and loses puck.
15:40 of 3rd period - Penalty to Brad Boyes is over, Brad Boyes is back on ice.
15:59 of 3rd period - Steve Ott is hit by Nikita Alexeev and loses puck.
16:12 of 3rd period - Jordan Leopold is hit by Chris Gratton and loses puck.
17:42 of 3rd period - Steve Ott is hit by Jeff Taffe and loses puck.
17:53 of 3rd period - Wrist shot by Chris Gratton.
17:53 of 3rd period - Stopped by Marc-André Fleury with a rebound.
18:14 of 3rd period - Snap shot by Rob Niedermayer.
18:14 of 3rd period - Stopped by Tyler Weiman with a rebound.
18:23 of 3rd period - Minor Penalty to Brent Sopel for Interference.
18:24 of 3rd period - Chris Gratton wins face-off versus Peter Forsberg in Blackhawks zone.
18:37 of 3rd period - Snap shot by Peter Forsberg.
18:37 of 3rd period - Stopped by Tyler Weiman with a rebound.
18:39 of 3rd period - Wrist shot by Peter Forsberg.
18:39 of 3rd period - Stopped by Tyler Weiman with a rebound.
18:41 of 3rd period - Snap shot by Dion Phaneuf.
18:41 of 3rd period - Shot Misses the Net.
Output by the SimonT Hockey Simulator (STHS) for François Prévost -- Original Page W3C XHTML 1.0 Valid